 Dungeon Crawl Stone Soup version 0.30.1-11-g7821555f0a (webtiles) character file.

Game seed: 3895073235938513188

10329 cowcol the Severer (level 11, -3/101 HPs)
             Began as a Minotaur Fighter on Jan 1, 2024.
             Was an Initiate of Okawaru.
             Slain by Erolcha
             ... wielding a +0 giant club
              (22 damage)
             ... while paralysed by Maurice
             ... on level 10 of the Dungeon.
             The game lasted 00:25:54 (11453 turns).

cowcol the Severer (Minotaur Fighter)              Turns: 11453, Time: 00:25:55

Health: -3/101     AC: 21    Str: 30    XL:     11   Next: 34%
Magic:  10/10      EV:  2    Int:  7    God:    Okawaru [......]
Gold:   694        SH:  0    Dex: 15    Spells: 10/10 levels left

rFire   . . .        d - +1 broad axe
rCold   . . .        c - +0 buckler
rNeg    . . .        P - +0 plate armour
rPois   .            z - +2 hat
rElec   .            M - +0 cloak
rCorr   .            f - +0 pair of gloves
SInv    .            S - +0 pair of boots
Will    .....        (no amulet) Stlth
                     i - +6 ring of strength
HPRegen 0.36/turn    A - +6 ring of dexterity
MPRegen 0.12/turn

%: no passive effects
@: paralysed
A: horns 2, retaliatory headbutt
a: Renounce Religion


You were on level 10 of the Dungeon.
You worshipped Okawaru.
Okawaru was noncommittal.
You visited 2 branches of the dungeon, and saw 11 of its levels.
You also visited: Ossuary and Bailey.

You collected 694 gold pieces.

Inventory:

Hand Weapons
 a - a +1 war axe
 d - a +1 broad axe (weapon)
 g - a +0 mace
 H - a +1 long sword of flaming
 Q - a +0 heavy battleaxe
Missiles
 j - 12 javelins
 u - 18 poisoned darts (quivered)
 N - 6 curare-tipped darts
Armour
 b - a +0 scale mail
 c - a +0 buckler (worn)
 f - a +0 pair of gloves (worn)
 q - a +0 chain mail
 z - a +2 hat (worn)
 I - +0 steam dragon scales
 M - a +0 cloak (worn)
 P - a +0 plate armour (worn)
 S - a +0 pair of boots (worn)
Jewellery
 i - a +6 ring of strength (left hand)
 A - a +6 ring of dexterity (right hand)
 G - a +6 ring of intelligence
Wands
 r - a wand of flame (55)
 s - a wand of paralysis (15)
 D - a wand of acid (6)
 L - a wand of digging (1)
 O - a wand of polymorph (9)
 T - a wand of roots (3)
Scrolls
 h - 2 scrolls of amnesia
 k - 2 scrolls of teleportation
 m - 3 scrolls of fog
 n - a scroll of blinking
 p - a scroll of immolation {unknown}
 w - a scroll of poison {unknown}
 x - a scroll of butterflies {unknown}
 y - a scroll of silence
 B - 2 scrolls of magic mapping {unknown}
 E - a scroll of vulnerability {unknown}
 K - a scroll of torment {unknown}
Potions
 e - 10 potions of curing
 l - a potion of magic {unknown}
 o - a potion of berserk rage {unknown}
 t - 5 potions of cancellation
 v - a potion of degeneration {unknown}
 C - a potion of flight {unknown}
 F - 2 potions of attraction {unknown}
 J - a potion of ambrosia {unknown}
 R - 3 potions of haste {unknown}


   Skills:
 + Level 10.8 Fighting
 + Level 15.4 Axes
 - Level 1.0 Throwing
 + Level 11.2 Armour
 - Level 4.0 Shields


You had 10 spell levels left.
You didn't know any spells.
Your spell library contained the following spells:

 Spells                   Type           Power      Damage    Failure   Level
 Portal Projectile        Hex/Tloc       0%         N/A       100%        3
 Leda's Liquefaction      Hex/Erth       0%         N/A       100%        4
 Passage of Golubria      Tloc           0%         N/A       100%        4
 Yara's Violent Unravell  Hex/Tmut       0%         3d3       100%        5
 Call Canine Familiar     Summ           Unusable   N/A       N/A         3
 Tukima's Dance           Hex            Unusable   N/A       N/A         3

Dungeon Overview and Level Annotations

Branches:
Dungeon (10/15)            Temple (1/1) D:6            Lair (0/5) D:8
Ossuary (visited)          Bailey (visited)
    Orc: D:9-12

Altars:
Ashenzari
Cheibriados
Dithmenos
Elyvilon
Fedhas
Gozag
Hepliaklqana
Kikubaaqudgha
Makhleb
Nemelex Xobeh
Okawaru
Qazlal
Ru
Sif Muna
Trog
Uskayaw
Vehumet
Wu Jian
Yredelemnul
Zin
The Shining One

Annotations:
D:10 Erolcha, Maurice


Innate Abilities, Weirdness & Mutations

You have a pair of horns on your head.
You reflexively headbutt those who attack you in melee.


Message History

Something hits you but does no damage. Something bites you but does no damage.
Found 3 stones.
Something hits you. Something bites you!
Something draws strength from your injuries!
Erolcha the Cunning comes into view.
She is wielding a +0 giant club.
Erolcha shouts!
Erolcha mumbles some strange words.
Erolcha flickers and vanishes!
You slash something! You slice something!! Okawaru accepts your kill.
Reactivating autopickup.
You feel a bit more experienced.
Maurice the Thief comes into view.
He is wielding a +0 short sword, wearing a +2 cloak of poison resistance and carrying a wand of paralysis (5).
Maurice shouts!
Maurice casts a spell.
Maurice blinks!
Okay, then.
Something hits you!!
Deactivating autopickup; reactivate with Ctrl-A.
You slash Maurice!
Maurice is lightly wounded.
You slash something! You block Maurice's attack.
Something hits you but does no damage.
You slash Maurice!
Maurice is moderately wounded.
You slash something!
Maurice zaps a wand.
You easily resist.
You slash Maurice!
Maurice is severely wounded.
You barely miss something.
Maurice zaps a wand.
You suddenly lose the ability to move!
Something hits you!! Maurice hits you but does no damage. Something hits you!!
* * * LOW HITPOINT WARNING * * *
Maurice hits you with a +0 short sword.
* * * LOW HITPOINT WARNING * * *
Maurice steals 6 of your 8 scrolls of teleportation!
Maurice casts a spell.
Maurice puts on a burst of speed!
Something hits you!!
You die...

##### ...# #..+ #
#..# ... #..######
..(..####.......#####
.......@@............
.......##{.?.<.......
.....#...............
.... ####............
#.# #............ #
#####........
......... .........
.......(.


You could see Maurice (swift).

Vanquished Creatures
  2 vault guards (Bailey)
  A two-headed ogre (D:7)
  An ugly thing (D:8)
  A cyclops (D:8)
  An elephant (D:8)
  Maggie (D:7)
  Prince Ribbit (Bailey)
  2 shadows (D:9)
  Sigmund (D:3)
  A basilisk (D:8)
  A wyvern (D:8)
  4 humans (Bailey)
  A vampire (D:10)
  3 yaks (D:8)
  3 water moccasins (D:6)
  A sky beast (D:4)
  3 orc warriors
  2 ice beasts (D:7)
  3 black bears
  An ogre (D:6)
  4 centaurs
  3 kobold brigands
  A phantom (D:8)
  Blork the orc (D:5)
  13 bullfrogs
  2 scorpions
  An elf skeleton (D:6)
  7 wights (D:8)
  6 killer bees (D:8)
  6 howler monkeys (D:9)
  A crimson imp (D:5)
  2 centaur zombies (Ossuary)
  5 hounds
  7 orc priests
  A jelly (D:6)
  2 human zombies (Ossuary)
  2 sleepcaps
  2 human skeletons (D:6)
  6 orc wizards
  5 iguanas
  A hound zombie (Ossuary)
  3 mummies (Ossuary)
  Robin (D:3)
  A gnoll (Bailey)
  9 adders
  A shadow imp (D:5)
  3 white imps
  2 ufetubi
  6 adder zombies (Ossuary)
  2 dart slugs
  41 orcs
  7 bats
  3 endoplasms
  4 giant cockroaches
  13 goblins
  9 hobgoblins
  6 jackals
  20 kobolds
  3 quokkas
  7 ball pythons
  5 frilled lizards
  4 gnoll zombies (Ossuary)
  4 goblin zombies (Ossuary)
  4 hobgoblin zombies (Ossuary)
  3 jackal zombies (Ossuary)
  4 kobold zombies (Ossuary)
  An orc skeleton (D:6)
  4 orc zombies
  A quokka zombie (Ossuary)
  7 rats
  3 rat zombies (Ossuary)
293 creatures vanquished.

Notes
Turn   | Place    | Note
-------+----------+-------------------------------------------
     0 | D:1      | cowcol the Minotaur Fighter began the quest for the Orb.
     0 | D:1      | Reached XP level 1. HP: 19/19 MP: 0/0
    71 | D:1      | Reached XP level 2. HP: 17/27 MP: 1/1
   451 | D:1      | Found a faded altar of an unknown god.
   916 | D:2      | Reached XP level 3. HP: 33/33 MP: 2/2
  1496 | D:2      | Reached skill level 3 in Axes
  1511 | D:3      | Found a hazy altar of Hepliaklqana.
  1517 | D:3      | Reached XP level 4. HP: 36/40 MP: 3/3
  1607 | D:3      | Noticed Sigmund
  1754 | D:3      | Killed Sigmund
  1755 | D:3      | Reached skill level 5 in Axes
  1755 | D:3      | Reached skill level 5 in Armour
  1755 | D:3      | Reached XP level 5. HP: 14/47 MP: 4/4
  2118 | D:3      | Noticed Robin
  2137 | D:3      | Killed Robin
  2138 | D:3      | Reached XP level 6. HP: 55/55 MP: 5/5
  2212 | D:3      | Reached skill level 5 in Fighting
  2506 | D:4      | Found a sparkling altar of Nemelex Xobeh.
  2659 | D:4      | Reached skill level 6 in Axes
  3037 | D:4      | Found a white marble altar of Elyvilon.
  3150 | D:4      | Noticed a sky beast
  3161 | D:4      | Killed a sky beast
  3199 | D:5      | Entered Level 5 of the Dungeon
  3231 | D:5      | Found a basalt altar of Yredelemnul.
  3241 | D:5      | Reached skill level 1 in Throwing
  3241 | D:5      | Reached XP level 7. HP: 61/61 MP: 6/6
  3346 | D:5      | Noticed Blork the orc
  3356 | D:5      | Killed Blork the orc
  3357 | D:5      | Reached skill level 7 in Axes
  3582 | D:5      | Found a radiant altar of Vehumet.
  3706 | D:5      | Reached skill level 8 in Axes
  3882 | D:5      | Reached XP level 8. HP: 58/70 MP: 7/7
  4355 | D:5      | Found a burning altar of Makhleb.
  4520 | D:6      | Reached skill level 9 in Axes
  4605 | D:6      | Found a sand-covered staircase.
  4615 | Ossuary  | Entered an ossuary
  5267 | D:6      | Reached skill level 10 in Axes
  5493 | D:6      | Reached XP level 9. HP: 70/79 MP: 8/8
  5623 | D:6      | Found a staircase to the Ecumenical Temple.
  5629 | D:6      | Reached skill level 11 in Axes
  5632 | Temple   | Entered the Ecumenical Temple
  6418 | D:6      | Found a radiant altar of Vehumet.
  6572 | D:7      | Noticed a two-headed ogre
  6610 | D:7      | Killed a two-headed ogre
  6611 | D:7      | Reached skill level 12 in Axes
  6701 | D:7      | Noticed Maggie
  6843 | D:7      | Killed Maggie
  7207 | D:7      | Found a glowing silver altar of Zin.
  7295 | D:7      | Found a sacrificial altar of Ru.
  7775 | D:7      | Found an opulent altar of Gozag.
  8008 | D:8      | Reached XP level 10. HP: 62/90 MP: 9/9
  8231 | D:8      | Found a hide-covered altar of Uskayaw.
  8368 | D:8      | Reached skill level 13 in Axes
  8454 | D:8      | Found a staircase to the Lair.
  8454 | D:8      | Noticed an elephant
  8515 | D:8      | Killed an elephant
  8779 | D:8      | Noticed a green ugly thing
  8806 | D:8      | Killed a green ugly thing
  8807 | D:8      | Reached skill level 10 in Armour
  8991 | D:8      | Noticed a cyclops
  9023 | D:8      | Killed a cyclops
  9313 | D:8      | Reached skill level 14 in Axes
 10000 | D:9      | Reached skill level 10 in Fighting
 10176 | D:9      | Found a flagged portal.
 10182 | Bailey   | Entered a bailey
 10255 | Bailey   | Reached XP level 11. HP: 83/100 MP: 10/10
 10590 | Bailey   | Noticed Prince Ribbit
 10590 | Bailey   | Noticed a vault guard
 10618 | Bailey   | Killed Prince Ribbit
 10632 | Bailey   | Killed a vault guard
 10633 | Bailey   | Reached skill level 15 in Axes
 10767 | Bailey   | Noticed a vault guard
 10785 | Bailey   | Killed a vault guard
 11107 | D:9      | Found a blossoming altar of Fedhas.
 11112 | D:9      | Found an ancient bone altar of Kikubaaqudgha.
 11118 | D:9      | Found an iron altar of Okawaru.
 11363 | D:9      | Found a shadowy altar of Dithmenos.
 11415 | D:9      | Became a worshipper of Warmaster Okawaru
 11425 | D:10     | Entered Level 10 of the Dungeon
 11434 | D:10     | Noticed Erolcha
 11442 | D:10     | Noticed Maurice
 11450 | D:10     | Paralysed by Maurice for 3 turns
 11453 | D:10     | Slain by Erolcha

Illustrated notes

Levels and vault maps discovered:
D:1:      dpeg_arrival_shrine, layout_rooms,
          shapermc_ecumenical_altar_starsandcircs, minivault_23
D:2:      layout_rooms
D:3:      layout_rooms, amcnicky_altar_gilded, uniq_robin, uniq_sigmund
D:4:      layout_basic, mainiacjoe_overflow_24_doors,
          nicolae_elyvilon_temple_path
D:5:      layout_basic, mainiacjoe_overflow_chevrons, makhleb_grotto_becter,
          small_statue_intersection, minmay_ruined_shrine, uniq_blork_the_orc
D:6:      layout_loops_ring, fiery_altar_vehumet,
          minmay_temple_entry_enclosed_plants, nicolae_ossuary_entry_catacombs,
          kennysheep_generic_room_6
D:7:      layout_basic, nicolae_overflow_crystal_walls,
          pdpol_temple_overflow_zin_treasury_gozag_greed, uniq_maggie
D:8:      layout_basic, mainiacjoe_overflow_concentric_impassable,
          david_lair_generic, minmay_three_doors
D:9:      layout_roguey, grunt_temple_overflow_open,
          mainiacjoe_overflow_alcove_4, enter_bailey_2, kennysheep_potato
D:10:     layout_rooms, mainiacjoe_overflow_paths, enter_trove_5,
          nicolae_diode_intersection, uniq_erolcha, uniq_maurice
Temple:   hellmonk_temple_beads

Skill      XL: |  1  2  3  4  5  6  7  8  9 10 11 |
---------------+----------------------------------+-----
Armour         | 4 5 6 7 9 10 11 | 11.2
Shields        | 4 |  4.0
Fighting       | 4 5 6 7 8 10 | 10.8
Axes           | 3 5 6 8 10 12 14 15 | 15.4
Throwing       | 1 |  1.0

Action                     |  1- 3 |  4- 6 |  7- 9 | 10-12 || total
---------------------------+-------+-------+-------+-------++-------
  Melee: War axe           |    87 |   126 |   282 |   205 ||   700
         Headbutt          |    13 |    13 |    53 |    53 ||   132
         Broad axe         |       |       |       |    44 ||    44
  Throw: Javelin           |       |     9 |    16 |     9 ||    34
         Dart              |       |     7 |       |     1 ||     8
  Evoke: Wand              |       |       |       |     2 ||     2
    Use: Potion            |     1 |     1 |     3 |     2 ||     7
         Scroll            |     1 |     4 |     1 |     4 ||    10
 Armour: Scale mail        |    52 |    27 |       |       ||    79
         Chain mail        |       |    55 |   122 |    38 ||   215
         Plate armour      |       |       |       |    91 ||    91
  Dodge: Dodged            |    51 |    52 |    83 |    90 ||   276
  Block: Buckler           |    24 |    32 |    48 |    58 ||   162
